| TOP OF THE 1ST |
|
Augusta GreenJackets batting - Pitching for Lakewood BlueClaws : LHP Mike Aldrich
|
|
Pitching: LHP Mike Aldrich
|
|
|
Batting: RHB Mario Mendoza
|
0-0: SINGLE (Flyball, 78S, EV 94.4 MPH)
|
|
Batting: RHB Teruhide Horiuchi
|
0-0: Ball 1-0: Called Strike 1-1: Foul Ball, location: 2F 1-2: Foul Ball, location: 2F 1-2: Foul Ball, location: 2F 1-2: Strikes out swinging
|
|
Batting: LHB Mike Roberts
|
0-0: Ball 1-0: Ground out 4-3 (Groundball, 34, EV 81.9 MPH) Mario Mendoza to second
|
|
Batting: LHB Steve Nevis
|
0-0: Called Strike 0-1: SINGLE (Line Drive, 8RS, EV 88.8 MPH) Mario Mendoza to third Runner from 3rd tries for Home, throw by CF and OUT! 8-2
|
| Top of the 1st over - 0 runs, 2 hits, 0 errors, 1 left on base; Augusta 0 - Lakewood 0 |
| BOTTOM OF THE 1ST |
|
Lakewood BlueClaws batting - Pitching for Augusta GreenJackets : LHP Matt DeGrado
|
|
Pitching: LHP Matt DeGrado
|
|
|
Batting: LHB Matt Urbanek
|
0-0: Called Strike 0-1: Fly out, F7 (Flyball, 78S, EV 92.5 MPH)
|
|
Batting: RHB Vaclav Been
|
0-0: Called Strike 0-1: Called Strike 0-2: SINGLE (Line Drive, 6M, EV 104.4 MPH)
|
|
Batting: RHB Mike Bell
|
0-0: Ball Vaclav Been is caught stealing 2nd base 2-4 1-0: Called Strike 1-1: Foul Ball, location: 2F 1-2: DOUBLE (Flyball, 89D, EV 112.5 MPH)
|
|
Batting: SHB Steve DeRienzo
|
0-0: Ball 1-0: Called Strike 1-1: Ball 2-1: Swinging Strike 2-2: Ball 3-2: Strikes out looking
|
| Bottom of the 1st over - 0 runs, 2 hits, 0 errors, 1 left on base; Augusta 0 - Lakewood 0 |
| TOP OF THE 2ND |
|
Augusta GreenJackets batting - Pitching for Lakewood BlueClaws : LHP Mike Aldrich
|
|
Pitching: RHP Ramon Mena
|
|
|
Batting: RHB Dave Perron
|
0-0: Ball 1-0: Foul Ball, location: 2F 1-1: Ground out 3-1 (Groundball, 13, EV 79.4 MPH)
|
|
Batting: LHB Chris West
|
0-0: Ball 1-0: Ball 2-0: Called Strike 2-1: Ball 3-1: Base on Balls
|
|
Batting: RHB Jaime Rios
|
0-0: Called Strike 0-1: Swinging Strike 0-2: Ball 1-2: Foul Ball, location: 2F 1-2: Strikes out swinging
|
|
Batting: RHB Ruben Irizarry
|
0-0: Ground out 1-3 (Groundball, 34S, EV 70.6 MPH)
|
| Top of the 2nd over - 0 runs, 0 hits, 0 errors, 1 left on base; Augusta 0 - Lakewood 0 |
| BOTTOM OF THE 2ND |
|
Lakewood BlueClaws batting - Pitching for Augusta GreenJackets : LHP Matt DeGrado
|
|
Batting: RHB Victor Arias
|
0-0: Called Strike 0-1: Ball 1-1: Ball 2-1: Reached on error, E6 (Groundball, 6, EV 103.8 MPH)
|
|
Batting: RHB Trent Hedrick
|
0-0: Called Strike 0-1: Ball 1-1: Foul Ball, location: 2F 1-2: 2-RUN HOME RUN (Flyball, 78XD, EV 106.2 MPH), Distance : 411 ft
|
|
Batting: LHB Eric Farren
|
0-0: Ball 1-0: Ball 2-0: SINGLE (Groundball, 56D, EV 98.8 MPH)
|
|
Batting: RHB Bryan Alfaro
|
0-0: Grounds into double play, 6-4-3 (Groundball, 56, EV 82.5 MPH)
|
|
Batting: RHB Cory Bonham
|
0-0: Ball 1-0: Ball 2-0: Called Strike 2-1: Swinging Strike 2-2: Ground out 5-3 (Groundball, 56, EV 85.6 MPH)
|
| Bottom of the 2nd over - 2 runs, 2 hits, 1 error, 0 left on base; Augusta 0 - Lakewood 2 |
| TOP OF THE 3RD |
|
Augusta GreenJackets batting - Pitching for Lakewood BlueClaws : RHP Ramon Mena
|
|
Batting: RHB Mario Gomez
|
0-0: Called Strike 0-1: Swinging Strike 0-2: Strikes out swinging
|
|
Batting: RHB Mario Mendoza
|
0-0: Ball 1-0: Called Strike 1-1: Ball 2-1: Ball 3-1: Ground out 5-3 (Groundball, 56, EV 81.2 MPH)
|
|
Batting: RHB Teruhide Horiuchi
|
0-0: Ball 1-0: Ground out 6-3 (Groundball, 6, EV 85.0 MPH)
|
| Top of the 3rd over - 0 runs, 0 hits, 0 errors, 0 left on base; Augusta 0 - Lakewood 2 |
| BOTTOM OF THE 3RD |
|
Lakewood BlueClaws batting - Pitching for Augusta GreenJackets : LHP Matt DeGrado
|
|
Batting: LHB Matt Urbanek
|
0-0: Called Strike 0-1: SINGLE (Groundball, 4D, EV 95.6 MPH)
|
|
Batting: RHB Vaclav Been
|
0-0: Ball 1-0: Called Strike 1-1: Ball 2-1: Foul Ball, location: 2F 2-2: Ball Wild Pitch! Matt Urbanek to second 3-2: Foul Ball, location: 2F 3-2: Base on Balls
|
|
Batting: RHB Mike Bell
|
0-0: Called Strike 0-1: Called Strike 0-2: Ball 1-2: Ball 2-2: Ball 3-2: Fielders Choice at 2nd, 5-4 (Groundball, 56, EV 81.9 MPH) Matt Urbanek to third
|
|
Batting: SHB Steve DeRienzo
|
0-0: Called Strike 0-1: Fly out, F9 (Flyball, 9S, EV 88.1 MPH)
|
|
Batting: RHB Victor Arias
|
0-0: Called Strike 0-1: Ball 1-1: Foul Ball, location: 2F 1-2: Foul Ball, location: 2F 1-2: Foul Ball, location: 2F 1-2: Strikes out swinging
|
| Bottom of the 3rd over - 0 runs, 1 hit, 0 errors, 2 left on base; Augusta 0 - Lakewood 2 |
| TOP OF THE 4TH |
|
Augusta GreenJackets batting - Pitching for Lakewood BlueClaws : RHP Ramon Mena
|
|
Batting: LHB Mike Roberts
|
0-0: Swinging Strike 0-1: Swinging Strike 0-2: Ball 1-2: Ground out U3 (Groundball, 13, EV 82.5 MPH)
|
|
Batting: LHB Steve Nevis
|
0-0: SINGLE (Groundball, 13S, EV 65.6 MPH) (infield hit)
|
|
Batting: RHB Dave Perron
|
0-0: Called Strike 0-1: Ball 1-1: Swinging Strike 1-2: Strikes out swinging
|
|
Batting: LHB Chris West
|
0-0: Ball 1-0: Ground out 4-3 (Groundball, 4S, EV 78.8 MPH)
|
| Top of the 4th over - 0 runs, 1 hit, 0 errors, 1 left on base; Augusta 0 - Lakewood 2 |
| BOTTOM OF THE 4TH |
|
Lakewood BlueClaws batting - Pitching for Augusta GreenJackets : LHP Matt DeGrado
|
|
Batting: RHB Trent Hedrick
|
0-0: Ball 1-0: Called Strike 1-1: Bunted foul 1-2: Ball 2-2: Strikes out swinging
|
|
Batting: LHB Eric Farren
|
0-0: Called Strike 0-1: Called Strike 0-2: Ball 1-2: Ball 2-2: Strikes out swinging
|
|
Batting: RHB Bryan Alfaro
|
0-0: Called Strike 0-1: Called Strike 0-2: Foul Ball, location: 2F 0-2: Foul Ball, location: 2F 0-2: SINGLE (Groundball, 56S, EV 63.8 MPH) (infield hit)
|
|
Batting: RHB Cory Bonham
|
0-0: Foul Ball, location: 2F 0-1: Swinging Strike 0-2: Ball 1-2: SINGLE (Groundball, 5S, EV 70.6 MPH) (infield hit) Bryan Alfaro to second
|
|
Batting: LHB Matt Urbanek
|
0-0: DOUBLE (Groundball, 3L, EV 101.9 MPH) Bryan Alfaro scores Cory Bonham to third
|
|
Pitching: LHP Christian Rogers
|
|
|
Batting: RHB Vaclav Been
|
0-0: Foul Ball, location: 2F 0-1: SINGLE (Groundball, 5S, EV 75.0 MPH) (infield hit) Cory Bonham scores Matt Urbanek to third
|
|
Batting: RHB Mike Bell
|
0-0: Ball 1-0: Ball 2-0: Ground out 4-3 (Groundball, 4, EV 77.5 MPH)
|
| Bottom of the 4th over - 2 runs, 4 hits, 0 errors, 2 left on base; Augusta 0 - Lakewood 4 |
| TOP OF THE 5TH |
|
Augusta GreenJackets batting - Pitching for Lakewood BlueClaws : RHP Ramon Mena
|
|
Batting: RHB Jaime Rios
|
0-0: Ball 1-0: Ball 2-0: Called Strike 2-1: Called Strike 2-2: Foul Ball, location: 2F 2-2: Ball 3-2: Foul Ball, location: 2F 3-2: Base on Balls
|
|
Batting: RHB Ruben Irizarry
|
0-0: Called Strike 0-1: Ball 1-1: Ball 2-1: Foul Ball, location: 2F 2-2: Ball 3-2: Base on Balls Jaime Rios to second
|
|
Batting: RHB Mario Gomez
|
0-0: Ball 1-0: Ball 2-0: Foul Ball, location: 2F 2-1: Foul Ball, location: 2F 2-2: Foul Ball, location: 2F 2-2: Ball 3-2: Foul Ball, location: 2F 3-2: Foul Ball, location: 2F 3-2: Hit by Pitch Jaime Rios to third Ruben Irizarry to second
|
|
Pitching: RHP Ian Savary
|
|
|
Batting: RHB Mario Mendoza
|
0-0: Ball 1-0: Called Strike 1-1: Called Strike 1-2: Ball 2-2: Ball 3-2: Fielders Choice at 2nd, 3-6 (Groundball, 3S, EV 80.6 MPH) Jaime Rios scores Ruben Irizarry to third
|
|
Batting: RHB Teruhide Horiuchi
|
0-0: Called Strike 0-1: Ball 1-1: Foul Ball, location: 2F 1-2: Strikes out looking
|
|
Batting: LHB Mike Roberts
|
0-0: Called Strike 0-1: Ball 1-1: Foul Ball, location: 2F 1-2: Strikes out swinging
|
| Top of the 5th over - 1 run, 0 hits, 0 errors, 2 left on base; Augusta 1 - Lakewood 4 |
| BOTTOM OF THE 5TH |
|
Lakewood BlueClaws batting - Pitching for Augusta GreenJackets : LHP Christian Rogers
|
|
Batting: SHB Steve DeRienzo
|
0-0: Called Strike 0-1: Ball 1-1: Ball 2-1: Ball 3-1: DOUBLE (Flyball, 89XD, EV 101.2 MPH)
|
|
Batting: RHB Victor Arias
|
0-0: Called Strike 0-1: Foul Ball, location: 2F 0-2: Foul Ball, location: 2F 0-2: Ball 1-2: Foul Ball, location: 2F 1-2: Ball 2-2: Ball 3-2: Foul Ball, location: 2F 3-2: Strikes out looking
|
|
Batting: RHB Trent Hedrick
|
0-0: Foul Ball, location: 2F 0-1: Fly out, F3 (Popup, 3S, EV 78.1 MPH)
|
|
Batting: LHB Eric Farren
|
0-0: Ball Passed Ball! Steve DeRienzo to third 1-0: Called Strike 1-1: DOUBLE (Line Drive, 9LM, EV 105.0 MPH) Steve DeRienzo scores
|
|
Pitching: RHP Jay Kouns
|
|
|
Batting: RHB Bryan Alfaro
|
0-0: Ball 1-0: Swinging Strike 1-1: Called Strike 1-2: Ball 2-2: Strikes out swinging
|
| Bottom of the 5th over - 1 run, 2 hits, 0 errors, 1 left on base; Augusta 1 - Lakewood 5 |
| TOP OF THE 6TH |
|
Augusta GreenJackets batting - Pitching for Lakewood BlueClaws : RHP Ian Savary
|
|
Batting: LHB Steve Nevis
|
0-0: Swinging Strike 0-1: Fly out, F3 (Line Drive, 3, EV 70.6 MPH)
|
|
Batting: RHB Dave Perron
|
0-0: Called Strike 0-1: Ball 1-1: Ball 2-1: Foul Ball, location: 2F 2-2: Strikes out swinging
|
|
Batting: LHB Chris West
|
0-0: Ball 1-0: Ball 2-0: Swinging Strike 2-1: Ball 3-1: Called Strike 3-2: Strikes out swinging
|
| Top of the 6th over - 0 runs, 0 hits, 0 errors, 0 left on base; Augusta 1 - Lakewood 5 |
| BOTTOM OF THE 6TH |
|
Lakewood BlueClaws batting - Pitching for Augusta GreenJackets : RHP Jay Kouns
|
|
Batting: RHB Cory Bonham
|
0-0: Called Strike 0-1: Swinging Strike 0-2: Ball 1-2: Fly out, F9 (Flyball, 9, EV 82.5 MPH)
|
|
Batting: LHB Matt Urbanek
|
0-0: Ball 1-0: Ground out 5-3 (Groundball, 56S, EV 88.1 MPH)
|
|
Batting: RHB Vaclav Been
|
0-0: Called Strike 0-1: Ground out 4-3 (Groundball, 4, EV 86.2 MPH)
|
| Bottom of the 6th over - 0 runs, 0 hits, 0 errors, 0 left on base; Augusta 1 - Lakewood 5 |
| TOP OF THE 7TH |
|
Augusta GreenJackets batting - Pitching for Lakewood BlueClaws : RHP Ian Savary
|
|
Pitching: RHP Andrew Giles
|
|
|
Batting: RHB Jaime Rios
|
0-0: Called Strike 0-1: Ball 1-1: Called Strike 1-2: Ball 2-2: Foul Ball, location: 2F 2-2: Ball 3-2: Strikes out looking and he ARGUES THE CALL AND IS TOSSED!
|
|
Batting: RHB Ruben Irizarry
|
0-0: Ball 1-0: Ball 2-0: Ball 3-0: Called Strike 3-1: Foul Ball, location: 2F 3-2: Fly out, F3 (Flyball, 3D, EV 96.2 MPH)
|
|
Batting: RHB Mario Gomez
|
0-0: Foul Ball, location: 2F 0-1: Ball 1-1: Swinging Strike 1-2: Foul Ball, location: 2F 1-2: Ball 2-2: Ball 3-2: Strikes out looking
|
| Top of the 7th over - 0 runs, 0 hits, 0 errors, 0 left on base; Augusta 1 - Lakewood 5 |
| BOTTOM OF THE 7TH |
|
Lakewood BlueClaws batting - Pitching for Augusta GreenJackets : RHP Jay Kouns
|
|
Now at 2B: Gary Sampson
|
|
|
Batting: RHB Mike Bell
|
0-0: Fly out, F8 (Line Drive, 8LM, EV 101.9 MPH)
|
|
Batting: SHB Steve DeRienzo
|
0-0: Ball 1-0: Called Strike 1-1: Foul Ball, location: 2F 1-2: Foul Ball, location: 2F 1-2: Strikes out swinging
|
|
Batting: RHB Victor Arias
|
0-0: Swinging Strike 0-1: Ball 1-1: Ball 2-1: Called Strike 2-2: Foul Ball, location: 2F 2-2: Strikes out looking
|
| Bottom of the 7th over - 0 runs, 0 hits, 0 errors, 0 left on base; Augusta 1 - Lakewood 5 |
| TOP OF THE 8TH |
|
Augusta GreenJackets batting - Pitching for Lakewood BlueClaws : RHP Andrew Giles
|
|
Pitching: RHP David Oviedo
|
|
|
Batting: RHB Mario Mendoza
|
0-0: Ball 1-0: Swinging Strike 1-1: Called Strike 1-2: Ball 2-2: Ball 3-2: Ground out 6-3 (Groundball, 6, EV 86.9 MPH)
|
|
Batting: RHB Teruhide Horiuchi
|
0-0: TRIPLE (Line Drive, 89XD, EV 101.9 MPH)
|
|
Batting: LHB Mike Roberts
|
0-0: Fly out, F8 (Flyball, 8LD, EV 102.5 MPH) Runner from 3rd tags up, SCORES, throw by CF
|
|
Batting: LHB Steve Nevis
|
0-0: Called Strike 0-1: Ball 1-1: Ground out 2-3 (Groundball, 2R, EV 70.0 MPH)
|
| Top of the 8th over - 1 run, 1 hit, 0 errors, 0 left on base; Augusta 2 - Lakewood 5 |
| BOTTOM OF THE 8TH |
|
Lakewood BlueClaws batting - Pitching for Augusta GreenJackets : RHP Jay Kouns
|
|
Pitching: RHP Edward Jones
|
|
|
Batting: RHB Trent Hedrick
|
0-0: Ground out 6-3 (Groundball, 6, EV 105.0 MPH)
|
|
Batting: LHB Eric Farren
|
0-0: Ball 1-0: Ball 2-0: Called Strike 2-1: Ball 3-1: Foul Ball, location: 2F 3-2: Base on Balls
|
|
Batting: RHB Bryan Alfaro
|
0-0: Called Strike Eric Farren is caught stealing 2nd base 2-4 0-1: Called Strike 0-2: Strikes out swinging
|
| Bottom of the 8th over - 0 runs, 0 hits, 0 errors, 0 left on base; Augusta 2 - Lakewood 5 |
| TOP OF THE 9TH |
|
Augusta GreenJackets batting - Pitching for Lakewood BlueClaws : RHP David Oviedo
|
|
Pitching: RHP Shamar Hansford
|
|
|
Batting: RHB Dave Perron
|
0-0: Ball 1-0: Ball 2-0: Ball 3-0: Called Strike 3-1: Ground out 1-3 (Groundball, P, EV 69.4 MPH)
|
|
Batting: LHB Chris West
|
0-0: Ball 1-0: Ball 2-0: Swinging Strike 2-1: Foul Ball, location: 2F 2-2: Foul Ball, location: 2F 2-2: Ground out 1-3 (Groundball, 13, EV 63.1 MPH)
|
|
Batting: RHB Gary Sampson
|
0-0: Foul Ball, location: 2F 0-1: Foul Ball, location: 2F 0-2: Ball 1-2: Ball 2-2: Strikes out swinging
|
| Top of the 9th over - 0 runs, 0 hits, 0 errors, 0 left on base; Augusta 2 - Lakewood 5 |
|